 Dungeon Crawl Stone Soup version 0.25-a0-388-g41a7e554cb (webtiles) character file.

Game seed: 2131744701120509481, levelgen mode: deterministic

16419 Borgoz the Basher (level 12, -1/78 HPs)
             Began as a Gargoyle Berserker on Jan 7, 2020.
             Was a High Priest of Trog.
             Slain by a yak (3 damage)
             ... on level 12 of the Dungeon.
             The game lasted 00:16:26 (11632 turns).

Borgoz the Basher (Gargoyle Berserker)             Turns: 11632, Time: 00:16:27

Health: -1/78      AC: 18    Str: 26    XL:     12   Next: 37%
Magic:  12/12      EV: 16    Int:  7    God:    Trog [*****.]
Gold:   557        SH:  0    Dex: 17    Spells: 11/11 levels left

rFire    . . .     SeeInvis .   I - +4 eveningstar
rCold    . . .     Gourm    .   (no shield)
rNeg     + + .     Faith    .   a - +1 ring mail of Dicobbiw {Dex+2} (curse)
rPois    ∞         Spirit   .   (no helmet)
rElec    +         Reflect  .   C - +0 cloak
rCorr    .         Harm     .   (no gloves)
MR       .....                  (no boots)
Stlth    +.........             (no amulet)
HPRegen  0.23/turn              b - +5 ring of dexterity
MPRegen  0.13/turn              m - ring of positive energy

@: berserk cooldown, slowed, very slow
A: negative energy resistance 1, electricity resistance, unbreathing,
petrification resistance, rot immunity, AC +8
a: Berserk, Trog's Hand, Brothers in Arms, Renounce Religion


You were on level 12 of the Dungeon.
You worshipped Trog.
Trog was extremely pleased with you.
You were hungry.

You visited 1 branch of the dungeon, and saw 12 of its levels.
You also visited: Sewer.

You collected 839 gold pieces.
You spent 282 gold pieces at shops.

Inventory:

Hand Weapons
 t - a +3 flail of crushing
 u - the +1 long sword of Zolatael {freeze, rC+ Dex+6, unknown}
   (You found it on level 9 of the Dungeon)

   It has been specially enchanted to freeze those struck by it, causing extra
   injury to most foes and up to half again as much damage against particularly
   susceptible opponents.
   It can also slow down cold-blooded creatures.
   It affects your dexterity (+6).
   It protects you from cold.
 x - a +2 great mace of crushing
 I - a +4 eveningstar (weapon)
Missiles
 r - 3 throwing nets (quivered)
Armour
 a - the cursed +1 ring mail of Dicobbiw (worn) {Dex+2}
   (You bought it in a shop on level 8 of the Dungeon)

   It affects your dexterity (+2).
   It has a curse placed upon it.
 C - a +0 cloak (worn)
Jewellery
 b - a +5 ring of dexterity (left hand)
 m - a ring of positive energy (right hand)
 B - an uncursed ring of ice
Wands
 z - a wand of enslavement (3)
 A - a wand of iceblast (4)
 H - a wand of digging (7)
 J - a wand of random effects (13)
Scrolls
 e - 5 scrolls of blinking
 i - a scroll of noise {unknown}
 l - 4 scrolls of teleportation {unknown}
 o - 2 scrolls of fear
 p - 2 scrolls of remove curse
 v - a scroll of vulnerability {unknown}
 w - a scroll of enchant armour
 y - a scroll of summoning {unknown}
 D - a scroll of magic mapping
 E - 3 scrolls of fog
 G - a scroll of random uselessness {unknown}
Potions
 d - 5 potions of curing
 f - 4 potions of heal wounds
 g - 4 potions of lignification
 h - a potion of resistance
 j - 5 potions of brilliance
 k - 2 potions of berserk rage
 n - 3 potions of flight
 q - a potion of haste
 s - a potion of invisibility
 K - a potion of degeneration {unknown}
Comestibles
 c - 33 rations
 F - 11 chunks of flesh


   Skills:
 + Level 10.3 Fighting
 * Level 12.7 Maces & Flails
 + Level 10.0 Armour
 + Level 7.7 Dodging


You had 11 spell levels left.
You didn't know any spells.
Your spell library was empty.

Dungeon Overview and Level Annotations

Branches:
Dungeon (12/15)            Temple (0/1) D:4            Lair (0/6) D:10
    Orc (0/2) D:12          Sewer (visited)

Altars:
Dithmenos
Elyvilon
Fedhas
Kikubaaqudgha
Okawaru
Ru
Sif Muna
Yredelemnul

Shops:
D:4 }   D:7 *   D:8 *


Innate Abilities, Weirdness & Mutations

You are resistant to torment.
Your stone body is resilient. (AC +8)
You are immune to poison.
You resist negative energy. (rN+)
You are resistant to electric shocks. (rElec)
You can survive without breathing.
You are immune to petrification.
You are immune to rotting.


Message History

The yak gores you but does no damage. x2
You bludgeon the yak!!
You kill the yak!
Trog accepts your kill.
The yak gores you but does no damage. x2
You closely miss the yak. The yak closely misses you.
The yak gores you but does no damage. The yak closely misses you.
The yak gores you but does no damage.
You sock the yak!
The yak is lightly wounded.
The yak gores you.
* * * LOW HITPOINT WARNING * * *
The yak gores you!
* * * LOW HITPOINT WARNING * * *
The yak gores you!
* * * LOW HITPOINT WARNING * * *
You hit the yak.
The yak is moderately wounded.
The yak barely misses you. The yak completely misses you. The yak gores you.
You die...

#..# #..# #. #..# #..#
#. #..# #..# #. #..#
#.(# #. #..####..# #.
#...(.(..# #. #..((....#
######)
#..####..####...........
......Y@)# #...........
......YY.# #..########.
.......[.# #..# #.
.........# #..# #.
.........# ..# #.
.........# #. .........#
#. .....[...# #####.
.......


You could see 3 yaks.

Vanquished Creatures
  Snorg (D:12)
  Erolcha (D:10)
  Erica (D:9)
  3 two-headed ogres
  2 unseen horrors
  Pikel (D:8)
  An ugly thing (D:12)
  A cyclops (D:12)
  Maurice (D:9)
  A komodo dragon (D:10)
  4 trolls
  2 hornets
  A meliai zombie (D:10)
  A wyvern (D:8)
  A vampire (D:11)
  A wraith (D:10)
  10 yaks
  3 hungry ghosts
  A warg (D:12)
  Edmund (D:4)
  A soldier ant (D:9)
  4 slaves (D:8)
  3 orc warriors (D:12)
  3 ice beasts
  5 phantoms
  2 sky beasts
  An eye of draining (D:8)
  6 ogres
  8 centaurs
  3 big kobolds
  7 bullfrogs
  A gnoll sergeant (D:10)
  A wyvern zombie (D:9)
  4 scorpions
  A wyvern skeleton (D:11)
  10 killer bees
  4 howler monkeys
  3 crimson imps
  A bullfrog zombie (D:12)
  6 orc priests
  A centaur skeleton (D:6)
  A hound (D:8)
  4 jellies
  A bullfrog skeleton (D:10)
  12 orc wizards
  Natasha (twice) (D:3)
  An iguana (D:4)
  10 worker ants
  2 hound zombies
  A hound skeleton (D:9)
  A worker ant zombie (D:5)
  13 gnolls
  8 adders
  2 river rats (Sewer)
  5 shadow imps
  2 oozes
  4 worms
  4 adder skeletons
  An adder zombie (D:7)
  2 dart slugs
  7 leopard geckos
  39 orcs
  2 bat zombies (D:4)
  8 giant cockroaches
  4 goblins
  3 hobgoblins
  13 jackals
  25 kobolds
  12 quokkas
  7 ball pythons
  10 bats
  9 frilled lizards
  A leopard gecko zombie (D:8)
  2 quokka skeletons
  9 rats
  3 rat zombies (D:4)
  15 plants (D:10)
358 creatures vanquished.

Vanquished Creatures (others)
  5 plants (D:10)
5 creatures vanquished.

Grand Total: 363 creatures vanquished

Notes
Turn   | Place    | Note
-------+----------+-------------------------------------------
     0 | D:1      | Borgoz the Gargoyle Berserker began the quest for the Orb.
     0 | D:1      | Reached XP level 1. HP: 14/14 MP: 1/1
   177 | D:1      | Reached XP level 2. HP: 12/19 MP: 2/2
   559 | D:1      | Reached XP level 3. HP: 23/23 MP: 3/3
   754 | D:1      | Reached ** piety under Trog
  1402 | D:2      | Reached XP level 4. HP: 29/29 MP: 4/4
  1575 | D:2      | Reached skill level 4 in Maces & Flails
  1943 | D:3      | Noticed Natasha
  1954 | D:3      | Killed Natasha
  1954 | D:3      | Reached XP level 5. HP: 23/33 MP: 5/5
  2309 | D:3      | Noticed Natasha
  2323 | D:3      | Killed Natasha
  2822 | D:4      | Found a staircase to the Ecumenical Temple.
  2828 | D:4      | Noticed Edmund
  2833 | D:4      | Reached XP level 6. HP: 38/38 MP: 6/6
  2842 | D:4      | Killed Edmund
  2842 | D:4      | Reached skill level 5 in Maces & Flails
  2883 | D:4      | Reached XP level 7. HP: 44/44 MP: 7/7
  2955 | D:4      | Reached skill level 5 in Fighting
  2998 | D:4      | Reached *** piety under Trog
  3041 | D:4      | Found an ancient bone altar of Kikubaaqudgha.
  3319 | D:4      | Found a basalt altar of Yredelemnul.
  3369 | D:4      | Found a white marble altar of Elyvilon.
  3402 | D:4      | Found Midorghuemni's Gadget Shop.
  3464 | D:4      | Reached skill level 6 in Maces & Flails
  3595 | D:5      | Entered Level 5 of the Dungeon
  3696 | D:5      | Reached XP level 8. HP: 50/50 MP: 8/8
  4549 | D:6      | Reached skill level 5 in Armour
  4618 | D:6      | Found an iron altar of Okawaru.
  4688 | D:6      | Reached **** piety under Trog
  4763 | D:6      | Found a glowing drain.
  4767 | Sewer    | Entered a sewer
  5030 | Sewer    | Reached skill level 7 in Maces & Flails
  5060 | Sewer    | Found a glowing silver altar of Zin.
  5660 | D:7      | Reached XP level 9. HP: 43/56 MP: 9/9
  5672 | D:7      | Reached skill level 8 in Maces & Flails
  5823 | D:7      | Found Cattaschu's General Store.
  5830 | D:7      | Bought a scroll of identify for 24 gold pieces
  5830 | D:7      | Bought a scroll of identify for 24 gold pieces
  6259 | D:7      | Found a shimmering blue altar of Sif Muna.
  6557 | D:8      | Reached skill level 5 in Dodging
  6710 | D:7      | Reached skill level 9 in Maces & Flails
  6850 | D:7      | Reached ***** piety under Trog
  6850 | D:7      | Received a gift from Trog
  7033 | D:8      | Reached XP level 10. HP: 57/63 MP: 10/10
  7186 | D:8      | Noticed Pikel
  7210 | D:8      | Killed Pikel
  7302 | D:8      | Found a sacrificial altar of Ru.
  7428 | D:8      | Found a blossoming altar of Fedhas.
  7767 | D:8      | Found Ywopupig's Assorted Antiques.
  7779 | D:8      | Bought a distressingly furry ring mail for 234 gold pieces
  7799 | D:8      | Identified the cursed +1 ring mail of Dicobbiw {Dex+2} (You
                  | bought it in a shop on level 8 of the Dungeon)
  8009 | D:9      | Reached skill level 10 in Maces & Flails
  8272 | D:9      | Noticed Erica
  8283 | D:9      | Killed Erica
  8434 | D:9      | Got a transparent long sword
  8438 | D:9      | Noticed Maurice
  8454 | D:9      | Killed Maurice
  9026 | D:9      | Reached XP level 11. HP: 59/69 MP: 11/11
  9116 | D:10     | Entered Level 10 of the Dungeon
  9116 | D:10     | Noticed Erolcha
  9116 | D:10     | Noticed a two-headed ogre
  9170 | D:10     | Found a shadowy altar of Dithmenos.
  9359 | D:10     | Reached skill level 11 in Maces & Flails
  9388 | D:10     | Killed a two-headed ogre
  9391 | D:10     | Killed Erolcha
  9538 | D:10     | Killed an unseen horror
  9798 | D:10     | Found a staircase to the Lair.
 10136 | D:11     | Received a gift from Trog
 10162 | D:11     | Noticed a two-headed ogre
 10171 | D:11     | Killed a two-headed ogre
 10391 | D:11     | Noticed a two-headed ogre
 10395 | D:11     | Killed a two-headed ogre
 10395 | D:11     | Reached skill level 12 in Maces & Flails
 10417 | D:11     | Killed an unseen horror
 11020 | D:11     | Reached XP level 12. HP: 65/77 MP: 12/12
 11025 | D:11     | Reached skill level 10 in Fighting
 11406 | D:12     | Noticed Snorg
 11414 | D:12     | Killed Snorg
 11473 | D:12     | Found a staircase to the Orcish Mines.
 11613 | D:12     | Received a gift from Trog
 11623 | D:12     | Reached skill level 10 in Armour
 11631 | D:12     | HP: 2/78 [yak (9)]
 11632 | D:12     | Slain by a yak

Levels and vault maps discovered:
D:1:      minmay_arrival_four_houses, layout_basic
D:2:      layout_loops_ring, first_ration
D:3:      layout_loops_ring, uniq_natasha
D:4:      minmay_thick_lines, layout_cave_pools, kennysheep_ying_yang,
          lemuel_zombie_altar_kikubaaqudgha, minmay_temple_entry_statues,
          serial_shops, shop, minmay_checkerbox, uniq_edmund
D:5:      layout_basic, kennysheep_cluttered_room
D:6:      layout_rooms, kennysheep_okawaru_gauntlet, gup_sewer_entry_bowl
D:7:      layout_loops_ring, serial_shops, shop, lemuel_blue_sif_altar
D:8:      layout_basic, chequers_temple_overflow_statue_of_worship,
          serial_shops, nicolae_shop_competitors_out_of_business, uniq_grum,
          uniq_pikel
D:9:      layout_cave_pools, hangedman_pestilent_swarm, uniq_maurice, uniq_erica
D:10:     layout_roguey, david_lair_shrubbed, nicolae_dithmenos_shadow_blocks,
          uniq_erolcha
D:11:     layout_loops_ring
D:12:     layout_small_grid, david_orc_3, uniq_snorg

Skill      XL: |  1  2  3  4  5  6  7  8  9 10 11 12 |
---------------+-------------------------------------+-----
Dodging        | 2 3 4 5 6 7 |  7.7
Maces & Flails | 4 5 6 7 9 10 12 | 12.7
Fighting       | 4 5 6 7 8 9 10 | 10.3
Armour         | 3 4 5 7 8 9 10 | 10.0

Action                   |  1- 3 |  4- 6 |  7- 9 | 10-12 || total
-------------------------+-------+-------+-------+-------++-------
Melee: Mace              |   146 |    41 |       |       ||   187
       Flail             |       |    54 |   393 |       ||   447
       Great mace        |       |       |     8 |   312 ||   320
       Eveningstar       |       |       |       |   242 ||   242
Throw: Throwing net      |       |       |       |     1 ||     1
Invok: Berserk           |       |     3 |       |     4 ||     7
       Trog's Hand       |       |     1 |       |     1 ||     2
  Use: Scroll            |       |     7 |     7 |     5 ||    19
       Potion            |       |       |       |     1 ||     1
 Stab: Held in net/web   |       |       |       |     1 ||     1
  Eat: Chunk             |     2 |     7 |    17 |    21 ||    47
       Ration            |       |       |     1 |       ||     1
Armor: Ring mail         |   124 |    39 |   177 |   224 ||   564
       Animal skin       |     1 |       |       |       ||     1
Dodge: Dodged            |   149 |    56 |   289 |   415 ||   909

Table legend:
 A = Non-vault XP
 B = Vault XP
 C = Vault XP percentage of total XP
 D = Non-vault monster count
 E = Vault monster count
 F = Vault count percentage of total count
                 A         B        C        D         E       F
            +---------+---------+-------+---------+---------+-------
      Total |   17515 |    5941 |  25.3 |     298 |      41 |  12.1
            +---------+---------+-------+---------+---------+-------
        D:1 |      56 |       0 |   0.0 |      29 |       0 |   0.0
        D:2 |      67 |       0 |   0.0 |      22 |       0 |   0.0
        D:3 |     124 |      37 |  23.0 |      16 |       1 |   5.9
        D:4 |     168 |     552 |  76.7 |      15 |      12 |  44.4
        D:5 |     422 |       0 |   0.0 |      19 |       0 |   0.0
        D:6 |     362 |      13 |   3.5 |      11 |       3 |  21.4
        D:7 |    2377 |       0 |   0.0 |      40 |       0 |   0.0
        D:8 |    1510 |     629 |  29.4 |      25 |       1 |   3.8
        D:9 |    1195 |    1709 |  58.8 |      13 |       6 |  31.6
       D:10 |    2946 |    1431 |  32.7 |      26 |       2 |   7.1
       D:11 |    5401 |       0 |   0.0 |      48 |       0 |   0.0
       D:12 |    2887 |    1436 |  33.2 |      34 |       5 |  12.8
      Sewer |       0 |     134 | 100.0 |       0 |      11 | 100.0
            +---------+---------+-------+---------+---------+-------
